| TOP OF THE 1ST |
|
Omaha Storm Chasers batting - Pitching for Durham Bulls : RHP Chet Tague
|
|
Pitching: RHP Chet Tague
|
|
|
Batting: LHB Jim Pankratz
|
0-0: Ball 1-0: Swinging Strike 1-1: Foul Ball, location: 2F 1-2: Strikes out swinging
|
|
Batting: RHB Walt Cogswell
|
0-0: Called Strike 0-1: Ground out 5-3 (Groundball, 56S, EV 65.0 MPH)
|
|
Batting: RHB Taisei Fujii
|
0-0: Ball 1-0: Ball 2-0: Ball 3-0: Called Strike 3-1: Swinging Strike 3-2: Strikes out looking
|
| Top of the 1st over - 0 runs, 0 hits, 0 errors, 0 left on base; Omaha 0 - Durham 0 |
| BOTTOM OF THE 1ST |
|
Durham Bulls batting - Pitching for Omaha Storm Chasers : RHP Ken Hall
|
|
Pitching: RHP Ken Hall
|
|
|
Batting: RHB Jonathan Fraire
|
0-0: Ball 1-0: Called Strike 1-1: Foul Ball, location: 2F 1-2: Fly out, F7 (Flyball, 7, EV 90.0 MPH)
|
|
Batting: SHB Joey Pacheco
|
0-0: Called Strike 0-1: Foul Ball, location: 2F 0-2: Strikes out looking
|
|
Batting: LHB Davion Lewis
|
0-0: Ball 1-0: Foul Ball, location: 2F 1-1: Foul Ball, location: 2F 1-2: Ground out 1-3 (Groundball, 34S, EV 71.2 MPH)
|
| Bottom of the 1st over - 0 runs, 0 hits, 0 errors, 0 left on base; Omaha 0 - Durham 0 |
| TOP OF THE 2ND |
|
Omaha Storm Chasers batting - Pitching for Durham Bulls : RHP Chet Tague
|
|
Batting: RHB Ken Postlethwaite
|
0-0: Ball 1-0: DOUBLE (Groundball, 5L, EV 96.9 MPH)
|
|
Batting: RHB Danny Weisse
|
0-0: Called Strike 0-1: Ball 1-1: Ball 2-1: Foul Ball, location: 2F 2-2: Foul Ball, location: 2F 2-2: Ball 3-2: Foul Ball, location: 2F 3-2: Foul Ball, location: 2F 3-2: Fly out, F2 (Popup, 23F, EV 85.6 MPH)
|
|
Batting: SHB Francisco Gutierrez
|
0-0: Foul Ball, location: 2F 0-1: Ball 1-1: Ground out 4-3 (Groundball, 34, EV 102.5 MPH) Ken Postlethwaite to third
|
|
Batting: LHB Danny Bailey
|
0-0: Ball 1-0: Ball 2-0: SINGLE (Line Drive, 7S, EV 103.8 MPH) Ken Postlethwaite scores
|
|
Batting: RHB Yuichi Takata
|
0-0: Called Strike 0-1: Ball Danny Bailey is caught stealing 2nd base 2-4
|
| Top of the 2nd over - 1 run, 2 hits, 0 errors, 0 left on base; Omaha 1 - Durham 0 |
| BOTTOM OF THE 2ND |
|
Durham Bulls batting - Pitching for Omaha Storm Chasers : RHP Ken Hall
|
|
Batting: RHB David Ward
|
0-0: Ball 1-0: Called Strike 1-1: Foul Ball, location: 2F 1-2: Foul Ball, location: 2F 1-2: Strikes out swinging
|
|
Batting: LHB Jake Rheaume
|
0-0: Ball 1-0: Called Strike 1-1: Ball 2-1: Ball 3-1: Base on Balls
|
|
Batting: RHB Sesto Carpini
|
0-0: Ball Jake Rheaume steals 2nd base 1-0: Fly out, F8 (Line Drive, 8LD, EV 88.8 MPH)
|
|
Batting: RHB Jose Arriola
|
0-0: Ball 1-0: Ground out 6-3 (Groundball, 6, EV 106.2 MPH)
|
| Bottom of the 2nd over - 0 runs, 0 hits, 0 errors, 1 left on base; Omaha 1 - Durham 0 |
| TOP OF THE 3RD |
|
Omaha Storm Chasers batting - Pitching for Durham Bulls : RHP Chet Tague
|
|
Batting: RHB Yuichi Takata
|
0-0: Ground out 6-3 (Groundball, 6MS, EV 86.2 MPH)
|
|
Batting: RHB Kevin Roseen
|
0-0: Foul Ball, location: 2F 0-1: Ball 1-1: Ball 2-1: Ball 3-1: Called Strike 3-2: Strikes out looking
|
|
Batting: LHB Jim Pankratz
|
0-0: Swinging Strike 0-1: Ball 1-1: Ball 2-1: Ball 3-1: Called Strike 3-2: Ground out 5-3 (Groundball, 5, EV 83.8 MPH)
|
| Top of the 3rd over - 0 runs, 0 hits, 0 errors, 0 left on base; Omaha 1 - Durham 0 |
| BOTTOM OF THE 3RD |
|
Durham Bulls batting - Pitching for Omaha Storm Chasers : RHP Ken Hall
|
|
Batting: RHB Kevin Benfield
|
0-0: Called Strike 0-1: Foul Ball, location: 2F 0-2: SINGLE (Groundball, 4D, EV 98.8 MPH)
|
|
Batting: RHB Freddy Mullen
|
0-0: Called Strike 0-1: SINGLE (Line Drive, 3D, EV 96.9 MPH) Kevin Benfield to second Runner from 2nd tries for 3rd, OUT! 9-5
|
|
Batting: RHB Jonathan Fraire
|
0-0: Foul Ball, location: 2F 0-1: Ball 1-1: Foul Ball, location: 2F 1-2: Foul Ball, location: 2F 1-2: Ball 2-2: Fly out, F7 (Flyball, 7LMF, EV 89.4 MPH)
|
|
Batting: SHB Joey Pacheco
|
0-0: Ball 1-0: Foul Ball, location: 2F 1-1: Ball 2-1: Ground out 6-3 (Groundball, 4MS, EV 86.9 MPH)
|
| Bottom of the 3rd over - 0 runs, 2 hits, 0 errors, 1 left on base; Omaha 1 - Durham 0 |
| TOP OF THE 4TH |
|
Omaha Storm Chasers batting - Pitching for Durham Bulls : RHP Chet Tague
|
|
Batting: RHB Walt Cogswell
|
0-0: Foul Ball, location: 2F 0-1: Ball 1-1: Swinging Strike 1-2: Strikes out swinging
|
|
Batting: RHB Taisei Fujii
|
0-0: Foul Ball, location: 2F 0-1: Foul Ball, location: 2F 0-2: Ball 1-2: Foul Ball, location: 2F 1-2: Fly out, F6 (Line Drive, 6, EV 61.9 MPH)
|
|
Batting: RHB Ken Postlethwaite
|
0-0: Called Strike 0-1: Ball 1-1: Ball 2-1: Foul Ball, location: 2F 2-2: SINGLE (Groundball, 34D, EV 98.8 MPH)
|
|
Batting: RHB Danny Weisse
|
0-0: Ball 1-0: Fielders Choice at 2nd, 6-4 (Groundball, 6, EV 103.1 MPH)
|
| Top of the 4th over - 0 runs, 1 hit, 0 errors, 1 left on base; Omaha 1 - Durham 0 |
| BOTTOM OF THE 4TH |
|
Durham Bulls batting - Pitching for Omaha Storm Chasers : RHP Ken Hall
|
|
Batting: LHB Davion Lewis
|
0-0: Ball 1-0: Foul Ball, location: 2F 1-1: Foul Ball, location: 2F 1-2: Hit by Pitch
|
|
Batting: RHB David Ward
|
0-0: Fielders Choice at 2nd, 1-4 (Groundball, 15S, EV 66.2 MPH)
|
|
Batting: LHB Jake Rheaume
|
0-0: Ball 1-0: Grounds into double play, 6-4-3 (Groundball, 6M, EV 105.0 MPH)
|
| Bottom of the 4th over - 0 runs, 0 hits, 0 errors, 0 left on base; Omaha 1 - Durham 0 |
| TOP OF THE 5TH |
|
Omaha Storm Chasers batting - Pitching for Durham Bulls : RHP Chet Tague
|
|
Batting: SHB Francisco Gutierrez
|
0-0: Foul Ball, location: 2F 0-1: Foul Ball, location: 2F 0-2: Ball 1-2: Strikes out looking
|
|
Batting: LHB Danny Bailey
|
0-0: Called Strike 0-1: Called Strike 0-2: Strikes out swinging
|
|
Batting: RHB Yuichi Takata
|
0-0: Called Strike 0-1: Ball 1-1: SINGLE (Flyball, 56D, EV 89.4 MPH)
|
|
Batting: RHB Kevin Roseen
|
0-0: Ball 1-0: Foul Ball, location: 2F 1-1: Ball 2-1: Ball Yuichi Takata is caught stealing 2nd base 2-4
|
| Top of the 5th over - 0 runs, 1 hit, 0 errors, 0 left on base; Omaha 1 - Durham 0 |
| BOTTOM OF THE 5TH |
|
Durham Bulls batting - Pitching for Omaha Storm Chasers : RHP Ken Hall
|
|
Batting: RHB Sesto Carpini
|
0-0: Swinging Strike 0-1: Swinging Strike 0-2: Foul Ball, location: 2F 0-2: Strikes out swinging
|
|
Batting: RHB Jose Arriola
|
0-0: Ball 1-0: Foul Ball, location: 2F 1-1: Ball 2-1: Called Strike 2-2: Ground out 6-3 (Groundball, 6S, EV 88.1 MPH)
|
|
Batting: RHB Kevin Benfield
|
0-0: Called Strike 0-1: Called Strike 0-2: Foul Ball, location: 2F 0-2: Ground out 6-3 (Groundball, 4M, EV 85.6 MPH)
|
| Bottom of the 5th over - 0 runs, 0 hits, 0 errors, 0 left on base; Omaha 1 - Durham 0 |
| TOP OF THE 6TH |
|
Omaha Storm Chasers batting - Pitching for Durham Bulls : RHP Chet Tague
|
|
Batting: RHB Kevin Roseen
|
0-0: Fly out, F7 (Flyball, 78M, EV 77.5 MPH)
|
|
Batting: LHB Jim Pankratz
|
0-0: Swinging Strike 0-1: Ground out 4-3 (Groundball, 4D, EV 85.6 MPH)
|
|
Batting: RHB Walt Cogswell
|
0-0: Called Strike 0-1: Swinging Strike 0-2: Ball 1-2: Ball 2-2: Ground out 6-3 (Groundball, 56, EV 85.6 MPH)
|
| Top of the 6th over - 0 runs, 0 hits, 0 errors, 0 left on base; Omaha 1 - Durham 0 |
| BOTTOM OF THE 6TH |
|
Durham Bulls batting - Pitching for Omaha Storm Chasers : RHP Ken Hall
|
|
Batting: RHB Freddy Mullen
|
0-0: Ball 1-0: Ball 2-0: SINGLE (Groundball, 4MD, EV 95.6 MPH)
|
|
Batting: RHB Jonathan Fraire
|
0-0: Called Strike 0-1: Ball 1-1: Fly out, F7 (Flyball, 78M, EV 96.9 MPH)
|
|
Batting: SHB Joey Pacheco
|
0-0: Called Strike 0-1: Ball 1-1: Called Strike 1-2: Foul Ball, location: 2F 1-2: Foul Ball, location: 2F 1-2: Ball 2-2: Ball 3-2: Base on Balls Freddy Mullen to second
|
|
Batting: LHB Davion Lewis
|
0-0: Fly out, F8 (Line Drive, 78M, EV 103.1 MPH)
|
|
Batting: RHB David Ward
|
0-0: Ball 1-0: Swinging Strike Passed Ball! Freddy Mullen to third Joey Pacheco to second 1-1: Ball 2-1: Ball 3-1: Called Strike 3-2: Foul Ball, location: 2F 3-2: Fly out, F9 (Flyball, 89D, EV 91.2 MPH)
|
| Bottom of the 6th over - 0 runs, 1 hit, 0 errors, 2 left on base; Omaha 1 - Durham 0 |
| TOP OF THE 7TH |
|
Omaha Storm Chasers batting - Pitching for Durham Bulls : RHP Chet Tague
|
|
Batting: RHB Taisei Fujii
|
0-0: Called Strike 0-1: Swinging Strike 0-2: Foul Ball, location: 2F 0-2: Ball 1-2: Fly out, F1 (Popup, 13, EV 87.5 MPH)
|
|
Batting: RHB Ken Postlethwaite
|
0-0: Ball 1-0: Foul Ball, location: 2F 1-1: Ground out 6-3 (Groundball, 6, EV 102.5 MPH)
|
|
Batting: RHB Danny Weisse
|
0-0: Called Strike 0-1: Ball 1-1: Ball 2-1: Ball 3-1: Base on Balls
|
|
Pitching: LHP Tris Ross
|
|
|
Batting: SHB Francisco Gutierrez
|
0-0: Ball 1-0: Fly out, F8 (Line Drive, 8RD, EV 85.6 MPH)
|
| Top of the 7th over - 0 runs, 0 hits, 0 errors, 1 left on base; Omaha 1 - Durham 0 |
| BOTTOM OF THE 7TH |
|
Durham Bulls batting - Pitching for Omaha Storm Chasers : RHP Ken Hall
|
|
Batting: LHB Jake Rheaume
|
0-0: Called Strike 0-1: SINGLE (Line Drive, 78M, EV 96.9 MPH)
|
|
Batting: RHB Sesto Carpini
|
0-0: Bunted foul 0-1: Bunt missed! 0-2: Ball 1-2: Foul Ball, location: 2F 1-2: Ball 2-2: Ball 3-2: Base on Balls Jake Rheaume to second
|
|
Batting: RHB Jose Arriola
|
0-0: Ball 1-0: Sac Bunt to 13 - play at first, batter OUT! 1-4 Jake Rheaume to third Sesto Carpini to second
|
|
Batting: RHB Kevin Benfield
|
0-0: Called Strike 0-1: Ball 1-1: Swinging Strike 1-2: Foul Ball, location: 2F 1-2: Ball 2-2: Strikes out swinging
|
|
Batting: RHB Freddy Mullen
|
0-0: Ball 1-0: Foul Ball, location: 2F 1-1: Foul Ball, location: 2F 1-2: Fly out, F8 (Flyball, 78D, EV 102.5 MPH)
|
| Bottom of the 7th over - 0 runs, 1 hit, 0 errors, 2 left on base; Omaha 1 - Durham 0 |
| TOP OF THE 8TH |
|
Omaha Storm Chasers batting - Pitching for Durham Bulls : LHP Tris Ross
|
|
Batting: LHB Danny Bailey
|
0-0: Ball 1-0: Foul Ball, location: 2F 1-1: Ground out U3 (Groundball, 3, EV 89.4 MPH)
|
|
Batting: RHB Yuichi Takata
|
0-0: Swinging Strike 0-1: Called Strike 0-2: Foul Ball, location: 2F 0-2: Strikes out looking
|
|
Batting: RHB Kevin Roseen
|
0-0: Ball 1-0: Ball 2-0: Foul Ball, location: 2F 2-1: Ball 3-1: Foul Ball, location: 2F 3-2: Foul Ball, location: 2F 3-2: Foul Ball, location: 2F 3-2: Ground out 4-3 (Groundball, 4, EV 104.4 MPH)
|
| Top of the 8th over - 0 runs, 0 hits, 0 errors, 0 left on base; Omaha 1 - Durham 0 |
| BOTTOM OF THE 8TH |
|
Durham Bulls batting - Pitching for Omaha Storm Chasers : RHP Ken Hall
|
|
Pitching: RHP Brandon Ferrari
|
|
|
Batting: RHB Jonathan Fraire
|
0-0: Called Strike 0-1: Foul Ball, location: 2F 0-2: Fly out, F9 (Flyball, 8RD, EV 108.1 MPH)
|
|
Batting: SHB Joey Pacheco
|
0-0: Called Strike 0-1: Foul Ball, location: 2F 0-2: Fly out, F7 (Flyball, 7, EV 88.1 MPH)
|
|
Batting: LHB Davion Lewis
|
0-0: Foul Ball, location: 2F 0-1: Fly out, F7 (Flyball, 78M, EV 73.8 MPH)
|
| Bottom of the 8th over - 0 runs, 0 hits, 0 errors, 0 left on base; Omaha 1 - Durham 0 |
| TOP OF THE 9TH |
|
Omaha Storm Chasers batting - Pitching for Durham Bulls : LHP Tris Ross
|
|
Pitching: RHP Cody Wilharm
|
|
|
Batting: LHB Jim Pankratz
|
0-0: Ball 1-0: Called Strike 1-1: Ball 2-1: Ground out 6-3 (Groundball, 6, EV 85.6 MPH)
|
|
Batting: RHB Walt Cogswell
|
0-0: Foul Ball, location: 2F 0-1: Ball 1-1: Called Strike 1-2: Ball 2-2: Ball 3-2: Ground out 5-3 (Groundball, 56, EV 90.6 MPH)
|
|
Batting: RHB Taisei Fujii
|
0-0: SINGLE (Groundball, 56D, EV 98.1 MPH)
|
|
Batting: RHB Ken Postlethwaite
|
0-0: Called Strike Taisei Fujii steals 2nd base 0-1: Foul Ball, location: 2F 0-2: Ball 1-2: Ball 2-2: Strikes out swinging
|
| Top of the 9th over - 0 runs, 1 hit, 0 errors, 1 left on base; Omaha 1 - Durham 0 |
| BOTTOM OF THE 9TH |
|
Durham Bulls batting - Pitching for Omaha Storm Chasers : RHP Brandon Ferrari
|
|
Batting: RHB David Ward
|
0-0: Ground out 6-3 (Groundball, 6, EV 85.6 MPH)
|
|
Batting: LHB Jake Rheaume
|
0-0: Ball 1-0: Fly out, F1 (Line Drive, P, EV 71.2 MPH)
|
|
Pinch Hitting: SHB Brett McEwen
|
0-0: Called Strike 0-1: Ball 1-1: Ball 2-1: Ball 3-1: Base on Balls
|
|
Batting: RHB Jose Arriola
|
0-0: Fly out, F9 (Line Drive, 89M, EV 96.9 MPH)
|
| Bottom of the 9th over - 0 runs, 0 hits, 0 errors, 1 left on base; Omaha 1 - Durham 0 |
|